Unix xNetHack Version 7.1.0 - last build Jul 19 2022 14:02:28 (a8c4666137c2c631a57c77f6261166d76d9e3895). Game began 2022-07-29 10:18:28, ended 2022-07-29 10:53:28. Ihaveamo, neutral female human Healer --+--- --------- #.....| ........| #|.<..| |...%.**| ##|....| .*%.....| ##### --.--- |.@...%..## # |%.*....| # --------- # # ## --|--- |?..%| |.[.b| |!/%.| ------ Ihaveamo the Rhizotomist St:25 Dx:13 Co:15 In:12 Wi:15 Ch:11 Neutral S:250 Dlvl:3 $:1223 HP:0(20) Pw:15(15) AC:9 Xp:2/35 T:742 Hungry Latest messages: You see here a hexagonal wand (for sale, 150 zorkmids). You see here a scroll labeled READ ME (for sale, 200 zorkmids). You see here a fizzy potion (for sale, 200 zorkmids). You see here a dagger (for sale, 4 zorkmids). You stop. Your little dog is in the way! The little dog picks up a scroll labeled READ ME. The little dog drops a scroll labeled READ ME. You stop. Your little dog is in the way! The little dog picks up a hexagonal wand. You stop. Possogroenoe is in the way! A food ration {20} for 45 zorkmids. Pay? y You bought a food ration {20} for 45 gold pieces. "Thank you for shopping in Possogroenoe's general store!" The little dog drops a hexagonal wand. You see here a stone statue of an acid blob. w - a stone statue of an acid blob {45}. "Hello, Ihaveamo! Welcome again to Possogroenoe's general store!" What do you want to drop? [$a-w or ?*] w You drop a stone statue of an acid blob {45}. Possogroenoe seems uninterested. The little dog picks up an egg. The little dog drops an egg. The little dog picks up an egg. The little dog drops an egg. "Hello, Ihaveamo! Welcome again to Possogroenoe's general store!" The little dog picks up an egg. What do you want to drop? [$a-v or ?*] ? You drop an uncursed +1 pair of leather gloves {10}. Possogroenoe offers 9 gold pieces for your pair of leather gloves. Sell it? y You sold an uncursed +1 pair of leather gloves for 9 gold pieces. The little dog drops an egg. You see here a scroll labeled READ ME (for sale, 200 zorkmids). You are beginning to feel hungry. Please move the cursor to an unknown object. (For instructions type a '?') A trap door in the ceiling opens and a rock falls on your head! x - a carrot {2}. y - 5 candles {10}. A trap door in the ceiling opens and a rock falls on your head! A trap door in the ceiling opens and a rock falls on your head! You hear the wailing of the Banshee... z - a two-handed sword {150}. A - 4 rocks {40}. A trap door in the ceiling opens and a rock falls on your head! You die... Do you want your possessions identified? y Do you want to see your attributes? y Do you want an account of creatures vanquished? n Do you want to see your conduct and achievements? n Do you want to see the dungeon overview? n Major events: Turn 1: Ihaveamo the neutral female human Healer entered the dungeon 370: made her first wish - "gauntlets of power" 742: killed by a falling rock Inventory: Inventory: 906/1000 weight (25/52 slots) Coins $ - 1223 gold pieces {12} Weapons a - a +0 scalpel (weapon in hand) {5} z - a cursed +0 two-handed sword {150} t - a cursed corroded +0 two-handed sword {150} Armor o - an uncursed +0 pair of gauntlets of power (being worn) {23} Comestibles q - an uncursed slime mold {5} j - 5 uncursed apples {10} r - an uncursed carrot {2} x - a cursed carrot {2} u - an uncursed food ration {20} v - an uncursed food ration {20} Spellbooks h - a blessed spellbook of extra healing {45} g - a blessed spellbook of healing {35} i - a blessed spellbook of stone to flesh {45} Potions e - 4 uncursed potions of extra healing {80} d - 4 uncursed potions of healing {80} l - an uncursed potion of monster detection {20} Wands s - a wand of lightning (0:4) {7} f - a wand of sleep (0:4) {7} Tools k - a crystal ball (0:18) {100} p - an uncursed mirror {13} n - an uncursed oil lamp {20} c - an uncursed stethoscope {4} y - 5 cursed tallow candles {10} Gems/Stones m - an uncursed worthless piece of orange glass {1} A - 4 uncursed rocks {40} Ihaveamo the Healer's attributes: Background: You were a Rhizotomist, a level 2 female human Healer. You were neutral, on a mission for Hermes who was opposed by Athena (lawful) and Poseidon (chaotic). You were heterosexual. You were in the Dungeons of Doom, on level 3. You entered the dungeon 742 turns ago. There was a new moon in effect when your adventure ended. You had 35 experience points, 5 more were needed to attain level 3. Your score was 250 before end-of-game adjustments. Basics: You had 0 out of 20 hit points. You had all 15 energy points (spell power). Your armor class was 9. Your wallet contained 1223 zorkmids. Autopickup was off. Final Characteristics: Your strength was 25 (base:10, innate limit:18/100). Your dexterity was 13 (limit:18). Your constitution was 15 (limit:18). Your intelligence was 12 (limit:18). Your wisdom was 15 (limit:18). Your charisma was 11 (limit:18). Final Status: You were hungry. You were unencumbered. You were wielding a knife. You had basic skill with knife. Final Attributes: You were fervently aligned. You were poison resistant. You are dead. Miscellaneous: You never encountered a bones level. Total elapsed playing time was 23 minutes and 53 seconds. Vanquished creatures: 5 jackals a fox a kobold a goblin 3 grid bugs 3 lichens 3 kobold zombies 5 newts 22 creatures vanquished. No species were genocided or became extinct. Voluntary challenges: You went without food. You were an atheist. You were illiterate. You never genocided any monsters. You never polymorphed an object. You never changed form. You never touched an artifact. You used 1 wish. You did not wish for any artifacts. You never scared an enemy with impunity. You were celibate. You never generated conflict. Achievement: You entered a shop. The Dungeons of Doom: levels 1 to 3 Level 1: Level 2: Some fountains. Level 3: <- You were here. A general store. Final resting place for you, killed by a falling rock. Game over: __________ / \ / REST \ / IN \ / PEACE \ / \ | Ihaveamo | | 1223 Au | | killed by a | | falling rock | | | | | | 2022 | *| * * * | * _________)/\\_//(\/(/\)/\//\/|_)_______ Goodbye Ihaveamo the Healer... You died in The Dungeons of Doom on dungeon level 3 with 250 points, and 1223 pieces of gold, after 742 moves. You were level 2 with a maximum of 20 hit points when you died.